TOP OF THE 1ST |
Atlanta Braves batting - Pitching for New York Yankees : RHP James Woods Jr.
|
Pitching: RHP James Woods Jr.
|
|
Batting: LHB Colin Worthington
|
0-0: Called Strike 0-1: Foul Ball, location: 2F 0-2: Strikes out swinging
|
Batting: RHB Danny Miramontes
|
0-0: Called Strike 0-1: Ball 1-1: Fly out, F9 (Flyball, 9LS, EV 91.2 MPH)
|
Batting: LHB Tom Best
|
0-0: Ball 1-0: Called Strike 1-1: Swinging Strike 1-2: Foul Ball, location: 2F 1-2: Foul Ball, location: 2F 1-2: Ball 2-2: Foul Ball, location: 2F 2-2: Strikes out swinging
|
Top of the 1st over - 0 runs, 0 hits, 0 errors, 0 left on base; Atlanta 0 - New York 0 |
BOTTOM OF THE 1ST |
New York Yankees batting - Pitching for Atlanta Braves : RHP Robby Benchio
|
Pitching: RHP Robby Benchio
|
|
Batting: LHB Jason Peck
|
0-0: Ball 1-0: Swinging Strike 1-1: Ground out 4-3 (Groundball, 4, EV 104.4 MPH)
|
Batting: LHB Jordan de Jesus
|
0-0: Ball 1-0: Swinging Strike 1-1: Ball 2-1: Ball 3-1: Foul Ball, location: 2F 3-2: Foul Ball, location: 2F 3-2: Base on Balls
|
Batting: SHB Bartholomeu Chambino
|
0-0: Called Strike 0-1: Called Strike 0-2: Ball 1-2: Strikes out swinging
|
Batting: LHB David Bramble
|
0-0: Fly out, F5 (Popup, 6S, EV 66.2 MPH)
|
Bottom of the 1st over - 0 runs, 0 hits, 0 errors, 1 left on base; Atlanta 0 - New York 0 |
TOP OF THE 2ND |
Atlanta Braves batting - Pitching for New York Yankees : RHP James Woods Jr.
|
Batting: LHB Seth Cook
|
0-0: Ball 1-0: Ball 2-0: Swinging Strike 2-1: Fly out, F7 (Flyball, 7D, EV 88.8 MPH)
|
Batting: RHB Danny Anderson
|
0-0: Fly out, F9 (Flyball, 9D, EV 103.1 MPH)
|
Batting: RHB Kanehisa Kubo
|
0-0: Called Strike 0-1: Ball 1-1: Ball 2-1: Foul Ball, location: 2F 2-2: Foul Ball, location: 2F 2-2: Strikes out swinging
|
Top of the 2nd over - 0 runs, 0 hits, 0 errors, 0 left on base; Atlanta 0 - New York 0 |
BOTTOM OF THE 2ND |
New York Yankees batting - Pitching for Atlanta Braves : RHP Robby Benchio
|
Batting: LHB Evan Torraville
|
0-0: Called Strike 0-1: Ball 1-1: Foul Ball, location: 2F 1-2: SINGLE (Flyball, 34D, EV 90.6 MPH)
|
Batting: LHB Jim Skare
|
0-0: Called Strike 0-1: Ball 1-1: Fly out, F8 (Flyball, 8RXD, EV 104.4 MPH)
|
Batting: RHB Geni Prawiranega
|
0-0: Ball 1-0: Called Strike 1-1: Foul Ball, location: 2F 1-2: Ball 2-2: Foul Ball, location: 2F 2-2: Fly out, F9 (Line Drive, 9D, EV 101.9 MPH)
|
Batting: LHB Yao-pang Tien
|
0-0: Ball 1-0: Ball 2-0: Ground out 4-3 (Groundball, 34, EV 100.6 MPH)
|
Bottom of the 2nd over - 0 runs, 1 hit, 0 errors, 1 left on base; Atlanta 0 - New York 0 |
TOP OF THE 3RD |
Atlanta Braves batting - Pitching for New York Yankees : RHP James Woods Jr.
|
Batting: RHB Itsuo Egami
|
0-0: Bunt for hit to 15 - play at first, batter OUT! 1-3
|
Batting: SHB Ken Welch
|
0-0: Called Strike 0-1: Ball 1-1: SOLO HOME RUN (Flyball, 9D, EV 100.0 MPH), Distance : 372 ft
|
Batting: RHB Francisco Hernandez
|
0-0: Foul Ball, location: 2F 0-1: Swinging Strike 0-2: Ball 1-2: Ground out 3-1 (Groundball, 13, EV 85.0 MPH)
|
Batting: LHB Colin Worthington
|
0-0: Ball 1-0: Ball 2-0: Called Strike 2-1: Ball 3-1: Base on Balls
|
Batting: RHB Danny Miramontes
|
0-0: Foul Ball, location: 2F 0-1: Swinging Strike 0-2: Ball 1-2: Ball 2-2: Foul Ball, location: 2F 2-2: Ball 3-2: Ground out 5-3 (Groundball, 56S, EV 86.9 MPH)
|
Top of the 3rd over - 1 run, 1 hit, 0 errors, 1 left on base; Atlanta 1 - New York 0 |
BOTTOM OF THE 3RD |
New York Yankees batting - Pitching for Atlanta Braves : RHP Robby Benchio
|
Batting: RHB Kai Bellow
|
0-0: Ground out 5-3 (Groundball, 56, EV 105.0 MPH)
|
Batting: LHB Jason Peck
|
0-0: Ball 1-0: Called Strike 1-1: Ball 2-1: Fly out, F8 (Flyball, 78M, EV 81.9 MPH)
|
Batting: LHB Jordan de Jesus
|
0-0: Ball 1-0: Fly out, F4 (Popup, 34D, EV 52.5 MPH)
|
Bottom of the 3rd over - 0 runs, 0 hits, 0 errors, 0 left on base; Atlanta 1 - New York 0 |
TOP OF THE 4TH |
Atlanta Braves batting - Pitching for New York Yankees : RHP James Woods Jr.
|
Batting: LHB Tom Best
|
0-0: Called Strike 0-1: Foul Ball, location: 2F 0-2: Foul Ball, location: 2F 0-2: Ball 1-2: Foul Ball, location: 2F 1-2: Ball 2-2: Ground out 4-3 (Groundball, 4, EV 91.9 MPH)
|
Batting: LHB Seth Cook
|
0-0: Ball 1-0: Swinging Strike 1-1: Called Strike 1-2: Ball 2-2: Strikes out swinging
|
Batting: RHB Danny Anderson
|
0-0: Foul Ball, location: 2F 0-1: Ball 1-1: Ball 2-1: Swinging Strike 2-2: Ball 3-2: Ground out 5-3 (Groundball, 56, EV 82.5 MPH)
|
Top of the 4th over - 0 runs, 0 hits, 0 errors, 0 left on base; Atlanta 1 - New York 0 |
BOTTOM OF THE 4TH |
New York Yankees batting - Pitching for Atlanta Braves : RHP Robby Benchio
|
Batting: SHB Bartholomeu Chambino
|
0-0: Foul Ball, location: 2F 0-1: Ball 1-1: Ball 2-1: Foul Ball, location: 2F 2-2: SINGLE (Groundball, 34D, EV 98.1 MPH) (infield hit)
|
Batting: LHB David Bramble
|
0-0: Called Strike 0-1: Ball 1-1: Called Strike 1-2: Fly out, F5 (Popup, 5L, EV 73.1 MPH)
|
Batting: LHB Evan Torraville
|
0-0: Called Strike 0-1: Swinging Strike 0-2: Strikes out looking
|
Batting: LHB Jim Skare
|
0-0: Ball 1-0: 2-RUN HOME RUN (Flyball, 78XD, EV 106.2 MPH), Distance : 416 ft
|
Batting: RHB Geni Prawiranega
|
0-0: Swinging Strike 0-1: Foul Ball, location: 2F 0-2: SINGLE (Line Drive, 6D, EV 95.0 MPH)
|
Batting: LHB Yao-pang Tien
|
0-0: Called Strike 0-1: Ball 1-1: Called Strike 1-2: 2-RUN HOME RUN (Flyball, 89XD, EV 103.8 MPH), Distance : 398 ft
|
Batting: RHB Kai Bellow
|
0-0: Called Strike 0-1: Ball 1-1: Foul Ball, location: 2F 1-2: SINGLE (Groundball, 56S, EV 63.1 MPH) (infield hit)
|
Batting: LHB Jason Peck
|
0-0: Ball 1-0: Ball 2-0: SINGLE (Groundball, 6D, EV 104.4 MPH) Kai Bellow to second
|
Batting: LHB Jordan de Jesus
|
0-0: Called Strike 0-1: Foul Ball, location: 2F 0-2: SINGLE (Line Drive, 89M, EV 106.9 MPH) Kai Bellow to third Jason Peck to second Runner from 3rd tries for Home, SAFE, throw by RF to home
|
Pitching: RHP Corey Larimer
|
|
Batting: SHB Bartholomeu Chambino
|
0-0: Ball 1-0: Ball 2-0: Ground out 4-3 (Groundball, 4, EV 87.5 MPH)
|
Bottom of the 4th over - 5 runs, 7 hits, 0 errors, 2 left on base; Atlanta 1 - New York 5 |
TOP OF THE 5TH |
Atlanta Braves batting - Pitching for New York Yankees : RHP James Woods Jr.
|
Batting: RHB Kanehisa Kubo
|
0-0: Swinging Strike 0-1: Swinging Strike 0-2: Ball 1-2: Ground out 6-3 (Groundball, 56, EV 90.0 MPH)
|
Batting: RHB Itsuo Egami
|
0-0: SOLO HOME RUN (Flyball, 9LD, EV 93.1 MPH), Distance : 336 ft
|
Batting: SHB Ken Welch
|
0-0: Swinging Strike 0-1: Foul Ball, location: 2F 0-2: Strikes out looking
|
Batting: RHB Francisco Hernandez
|
0-0: Called Strike 0-1: Ball 1-1: Foul Ball, location: 2F 1-2: Foul Ball, location: 2F 1-2: Strikes out swinging
|
Top of the 5th over - 1 run, 1 hit, 0 errors, 0 left on base; Atlanta 2 - New York 5 |
BOTTOM OF THE 5TH |
New York Yankees batting - Pitching for Atlanta Braves : RHP Corey Larimer
|
Batting: LHB David Bramble
|
0-0: Ball 1-0: Foul Ball, location: 2F 1-1: Ball 2-1: Ball 3-1: SOLO HOME RUN (Flyball, 9D, EV 97.5 MPH), Distance : 368 ft
|
Batting: LHB Evan Torraville
|
0-0: Swinging Strike 0-1: Called Strike 0-2: Ball 1-2: SINGLE (Groundball, 23, EV 66.9 MPH) (infield hit)
|
Batting: LHB Jim Skare
|
0-0: Called Strike Evan Torraville steals 2nd base 0-1: Ball 1-1: Foul Ball, location: 2F 1-2: Ground out 4-3 (Groundball, 4, EV 84.4 MPH) Evan Torraville to third
|
Batting: RHB Geni Prawiranega
|
0-0: Ball 1-0: SINGLE (Groundball, 56D, EV 105.6 MPH) Evan Torraville scores
|
Batting: LHB Yao-pang Tien
|
0-0: Ball 1-0: Ball 2-0: 2-RUN HOME RUN (Line Drive, 9D, EV 103.1 MPH), Distance : 379 ft
|
Pitching: RHP Victor Munoz
|
|
Batting: RHB Kai Bellow
|
0-0: Foul Ball, location: 2F 0-1: Called Strike 0-2: Foul Ball, location: 2F 0-2: Strikes out swinging, 2-3 out at first.
|
Batting: LHB Jason Peck
|
0-0: Ball 1-0: SINGLE (Groundball, 34D, EV 95.6 MPH)
|
Batting: LHB Jordan de Jesus
|
0-0: Called Strike 0-1: Called Strike Jason Peck is caught stealing 2nd base 2-6
|
Bottom of the 5th over - 4 runs, 5 hits, 0 errors, 0 left on base; Atlanta 2 - New York 9 |
TOP OF THE 6TH |
Atlanta Braves batting - Pitching for New York Yankees : RHP James Woods Jr.
|
Batting: LHB Colin Worthington
|
0-0: Ball 1-0: Called Strike 1-1: Ball 2-1: Ball 3-1: SINGLE (Groundball, 56D, EV 100.6 MPH)
|
Batting: RHB Danny Miramontes
|
0-0: Ball 1-0: Called Strike 1-1: Ball 2-1: Foul Ball, location: 2F 2-2: Foul Ball, location: 2F 2-2: Ball 3-2: Grounds into double play, 4-6-3 (Groundball, 4MD, EV 83.8 MPH)
|
Batting: LHB Tom Best
|
0-0: SINGLE (Groundball, 4M, EV 82.5 MPH) (infield hit)
|
Batting: LHB Seth Cook
|
0-0: Ball 1-0: Called Strike 1-1: Ball 2-1: Called Strike 2-2: Strikes out swinging
|
Top of the 6th over - 0 runs, 2 hits, 0 errors, 1 left on base; Atlanta 2 - New York 9 |
BOTTOM OF THE 6TH |
New York Yankees batting - Pitching for Atlanta Braves : RHP Victor Munoz
|
Batting: LHB Jordan de Jesus
|
0-0: Foul Ball, location: 2F 0-1: Called Strike 0-2: Ball 1-2: Ground out 6-3 (Groundball, 6, EV 90.0 MPH)
|
Batting: SHB Bartholomeu Chambino
|
0-0: Called Strike 0-1: Ball 1-1: Ball 2-1: Ball 3-1: Base on Balls
|
Batting: LHB David Bramble
|
0-0: Ball Bartholomeu Chambino steals 2nd base (no throw) 1-0: DOUBLE (Line Drive, 7LM, EV 103.1 MPH) Bartholomeu Chambino scores
|
Batting: LHB Evan Torraville
|
0-0: Ball 1-0: Ball 2-0: Ground out U3 (Groundball, 3, EV 81.9 MPH) David Bramble to third
|
Batting: LHB Jim Skare
|
0-0: Called Strike 0-1: Foul Ball, location: 2F 0-2: Ball 1-2: SINGLE (Groundball, 5D, EV 103.1 MPH) David Bramble scores
|
Batting: RHB Geni Prawiranega
|
0-0: Foul Ball, location: 2F 0-1: Ball 1-1: Ball 2-1: Ball 3-1: Base on Balls Jim Skare to second
|
Batting: LHB Yao-pang Tien
|
0-0: Ball 1-0: Ball 2-0: Called Strike 2-1: Ball 3-1: Base on Balls Jim Skare to third Geni Prawiranega to second
|
Batting: RHB Kai Bellow
|
0-0: Ball 1-0: Swinging Strike 1-1: Ball 2-1: Swinging Strike 2-2: Fielders Choice at 2nd, 5-4 (Groundball, 5, EV 110.0 MPH)
|
Bottom of the 6th over - 2 runs, 2 hits, 0 errors, 3 left on base; Atlanta 2 - New York 11 |
TOP OF THE 7TH |
Atlanta Braves batting - Pitching for New York Yankees : RHP James Woods Jr.
|
Batting: RHB Danny Anderson
|
0-0: Called Strike 0-1: Called Strike 0-2: Ball 1-2: Foul Ball, location: 2F 1-2: Ball 2-2: Foul Ball, location: 2F 2-2: Ball 3-2: DOUBLE (Flyball, 89D, EV 93.8 MPH)
|
Batting: RHB Kanehisa Kubo
|
0-0: Ball 1-0: Ball 2-0: Ball 3-0: Called Strike 3-1: Fly out, F8 (Flyball, 8RD, EV 91.9 MPH)
|
Pinch Hitting: RHB Tom Beckman
|
0-0: Ground out 6-3 (Groundball, 6, EV 105.0 MPH)
|
Batting: SHB Ken Welch
|
0-0: Foul Ball, location: 2F Balk! Danny Anderson to third 0-1: Ball 1-1: Ball 2-1: Swinging Strike 2-2: Ball 3-2: SINGLE (Line Drive, 89M, EV 92.5 MPH) Danny Anderson scores
|
Batting: RHB Francisco Hernandez
|
0-0: Ball 1-0: Ball 2-0: Ground out 4-3 (Groundball, 4S, EV 82.5 MPH)
|
Top of the 7th over - 1 run, 2 hits, 0 errors, 1 left on base; Atlanta 3 - New York 11 |
BOTTOM OF THE 7TH |
New York Yankees batting - Pitching for Atlanta Braves : RHP Victor Munoz
|
Pitching: RHP Adam Bonawitz
|
|
Now at SS: Tom Beckman
|
|
Batting: LHB Jason Peck
|
0-0: Ball 1-0: Foul Ball, location: 2F 1-1: Ground out 4-3 (Groundball, 13, EV 80.6 MPH)
|
Batting: LHB Jordan de Jesus
|
0-0: Called Strike 0-1: Ball 1-1: Foul Ball, location: 2F 1-2: Ball 2-2: Strikes out looking
|
Batting: SHB Bartholomeu Chambino
|
0-0: Ball 1-0: Foul Ball, location: 2F 1-1: Swinging Strike 1-2: Ball 2-2: Strikes out swinging
|
Bottom of the 7th over - 0 runs, 0 hits, 0 errors, 0 left on base; Atlanta 3 - New York 11 |
TOP OF THE 8TH |
Atlanta Braves batting - Pitching for New York Yankees : RHP James Woods Jr.
|
Batting: LHB Colin Worthington
|
0-0: Called Strike 0-1: Ball 1-1: Called Strike 1-2: Ball 2-2: Ball 3-2: SINGLE (Line Drive, 56, EV 96.9 MPH)
|
Pitching: RHP Kyle Johnson
|
|
Batting: RHB Danny Miramontes
|
0-0: Ball 1-0: Foul Ball, location: 2F 1-1: Foul Ball, location: 2F 1-2: Foul Ball, location: 2F 1-2: Foul Ball, location: 2F 1-2: Ball 2-2: Ball 3-2: Foul Ball, location: 2F 3-2: Grounds into double play, 5-4-3 (Groundball, 5, EV 93.8 MPH)
|
Batting: LHB Tom Best
|
0-0: Ball 1-0: Fly out, F9 (Flyball, 89S, EV 75.0 MPH)
|
Top of the 8th over - 0 runs, 1 hit, 0 errors, 0 left on base; Atlanta 3 - New York 11 |
BOTTOM OF THE 8TH |
New York Yankees batting - Pitching for Atlanta Braves : RHP Adam Bonawitz
|
Batting: LHB David Bramble
|
0-0: Hit by Pitch
|
Batting: LHB Evan Torraville
|
0-0: Called Strike 0-1: Swinging Strike 0-2: Strikes out swinging
|
Batting: LHB Jim Skare
|
0-0: Fly out, F7 (Flyball, 78D, EV 101.2 MPH)
|
Batting: RHB Geni Prawiranega
|
0-0: Called Strike 0-1: Ground out U3 (Groundball, 34, EV 100.6 MPH)
|
Bottom of the 8th over - 0 runs, 0 hits, 0 errors, 1 left on base; Atlanta 3 - New York 11 |
TOP OF THE 9TH |
Atlanta Braves batting - Pitching for New York Yankees : RHP Kyle Johnson
|
Batting: LHB Seth Cook
|
0-0: Ball 1-0: Ground out 5-3 (Groundball, 56, EV 87.5 MPH)
|
Batting: RHB Danny Anderson
|
0-0: Fly out, F9 (Flyball, 9D, EV 100.6 MPH)
|
Batting: RHB Kanehisa Kubo
|
0-0: Ball 1-0: Ball 2-0: Ball 3-0: Called Strike 3-1: Called Strike 3-2: SINGLE (Line Drive, 8RS, EV 89.4 MPH)
|
Batting: RHB Tom Beckman
|
0-0: Called Strike 0-1: Ball 1-1: Ball 2-1: Ball 3-1: Base on Balls Kanehisa Kubo to second
|
Batting: SHB Ken Welch
|
0-0: Swinging Strike 0-1: Ground out 4-3 (Groundball, 34, EV 86.2 MPH)
|
Top of the 9th over - 0 runs, 1 hit, 0 errors, 2 left on base; Atlanta 3 - New York 11 |
|